 Seeded DCSS version 0.31.0-11-ge490571c62 (webtiles) character file.

Game seed: 5325506971025801390 (custom seed)

17 Hubris850 the Chiller (level 2, 0/19 HPs)
             Began as a Merfolk Ice Elementalist on Jan 31, 2024.
             Frozen to death by an endoplasm (5 damage)
             ... on level 1 of the Dungeon.
             The game lasted 00:01:27 (431 turns).

Hubris850 the Chiller (Merfolk Ice Elementalist)     Turns: 431, Time: 00:01:28

Health: 0/19       AC:  2    Str:  8    XL:     2   Next: 62%
Magic:  0/5        EV: 13    Int: 14    God:
Gold:   12         SH:  0    Dex: 14    Spells: 4/5 levels left

rFire   . . .        e - +0 dagger
rCold   . . .        (no shield)
rNeg    . . .        a - +0 robe
rPois   .            (no helmet)
rElec   .            (no cloak)
rCorr   .            (no gloves)
SInv    .            (no boots)
Will    .....        (no amulet)
Stlth   ++           (no ring)
HPRegen 0.23/turn    (no ring)
MPRegen 0.09/turn

%: no passive effects
@: no status effects
A: (nimble swimmer 2), mertail
a: no special abilities


You were on level 1 of the Dungeon.
You visited 1 branch of the dungeon, and saw 1 of its levels.

You collected 12 gold pieces.

Inventory:

Hand Weapons
 d - a +0 club
 e - a +0 dagger (weapon)
Missiles
 c - 3 atropa-tipped darts
Armour
 a - a +0 robe (worn)
Potions
 b - a potion of magic


   Skills:
 + Level 1.4 Short Blades
 - Level 3.0 Dodging
 - Level 2.4 Stealth
 - Level 2.1 Spellcasting
 - Level 4.5 Ice Magic


You had 4 spell levels left.
You knew the following spells:

 Your Spells              Type           Power      Damage    Failure   Level
a - Freeze                Ice            56%        1d7       3%          1

Your spell library contained the following spells:

 Spells                   Type           Power      Damage    Failure   Level
 Frozen Ramparts          Ice            28%        1d5       11%         3
 Ozocubu's Armour         Ice            14%        N/A       11%         3
 Summon Ice Beast         Ice/Summ       7%         N/A       28%         3


Dungeon Overview and Level Annotations

Branches:
Dungeon (1/15)

Altars:


Innate Abilities, Weirdness & Mutations

((You are very nimble when in or above water. (Stealth+, EV+, Speed+++)))
Your lower body shifts to a powerful aquatic tail in water.


Message History

Press: ? - help, Shift-Dir - straight line, f - jackal, p - jackal
Aim: a jackal (heavily wounded)
You freeze the jackal.
The jackal is severely wounded.
The jackal misses you. The jackal bites you.
* * * LOW HITPOINT WARNING * * *
Casting: Freeze (safe; 3% risk of failure)
Confirm with . or Enter, or press ? or * to list all spells.
Aiming: Freeze (safe; 3% risk of failure)
Press: ? - help, Shift-Dir - straight line, f/p - jackal
Aim: a jackal (severely wounded)
You freeze the jackal.
The jackal is almost dead.
The jackal closely misses you.
Casting: Freeze (safe; 3% risk of failure)
Confirm with . or Enter, or press ? or * to list all spells.
Aiming: Freeze (safe; 3% risk of failure)
Press: ? - help, Shift-Dir - straight line, f/p - jackal
Aim: a jackal (almost dead)
You freeze the jackal.
You kill the jackal!
The jackal misses you.
Okay, then.
Casting: Freeze (safe; 3% risk of failure)
Confirm with . or Enter, or press ? or * to list all spells.
Aiming: Freeze (safe; 3% risk of failure)
Press: ? - help, Shift-Dir - straight line, f - jackal
Aim: a jackal (heavily wounded)
You freeze the jackal!
You kill the jackal!
Casting: Freeze (safe; 3% risk of failure)
Confirm with . or Enter, or press ? or * to list all spells.
Aiming: Freeze (safe; 3% risk of failure)
Press: ? - help, Shift-Dir - straight line, f - endoplasm
Aim: an endoplasm You freeze the endoplasm.
The endoplasm is heavily wounded.
The endoplasm freezes you.
You are frozen.
You die...

####+## #.#...#....
.......
####.#####....
.......
#..)......)... ......
#.#####.##)### .h..##
#.....#.#.....
#..#####.#...........
#..h#.........#.....
###J#.#..#.##.#.....
#@#.#.......#.....
#...#..#.##.#.####
#.#.#....##...#
#.#>..#..##.###
#.###.#.###.######
#.# #.#.# #.#.....
#.. .. #.#.#### ..#
## #.#.# #. #.#.####


You could see an endoplasm and a jackal.

Vanquished Creatures
  2 bats (D:1)
  A giant cockroach (D:1)
  A hobgoblin (D:1)
  3 jackals (D:1)
  2 kobolds (D:1)
  A quokka (D:1)
  A ball python (D:1)
  2 goblins (D:1)
  A rat (D:1)
14 creatures vanquished.

Notes
Turn   | Place    | Note
-------+----------+-------------------------------------------
     0 | D:1      | Hubris850 the Merfolk Ice Elementalist began the quest for
                  | the Orb.
     0 | D:1      | Reached XP level 1. HP: 13/13 MP: 3/3
   201 | D:1      | Found a faded altar of an unknown god.
   210 | D:1      | Reached XP level 2. HP: 19/19 MP: 3/5
   333 | D:1      | Reached skill level 1 in Short Blades
   431 | D:1      | Frozen to death by an endoplasm

Illustrated notes

Levels and vault maps discovered:
D:1:      minmay_arrival_glassed_features, layout_basic,
          ebering_ecumenical_altar_rust, serial_shops, shop_fountains

Skill      XL: |  1  2 |
---------------+-------+-----
Dodging        | 3 |  3.0
Short Blades   | 1 |  1.4
Stealth        | |  2.4
Spellcasting   | |  2.1
Ice Magic      | |  4.5

Action                     || total
---------------------------++-------
  Melee: Club              ||    18
         Dagger            ||    20
   Cast: Freeze            ||    21
   Stab: Sleeping          ||     1
 Armour: Robe              ||    29
  Dodge: Dodged            ||    37
